 Dungeon Crawl Stone Soup version 0.28-a0-861-ge64d6db94f (webtiles) character file.

Game seed: 11348417680336758641

117 ytrimaz the Covered (level 5, -3/42 HPs)
             Began as a Formicid Fighter on Nov 15, 2021.
             Slain by Duvessa (11 damage)
             ... on level 4 of the Dungeon.
             The game lasted 00:03:00 (2753 turns).

ytrimaz the Covered (Formicid Fighter)              Turns: 2753, Time: 00:03:00

Health: -3/42      AC:  7    Str: 22    XL:     5   Next: 22%
Magic:  5/5        EV: 14    Int:  7    God:
Gold:   73         SH:  4    Dex: 10    Spells: 4/4 levels left

rFire   . . .      SeeInvis +   a - +0 war axe
rCold   . . .      Faith    .   c - +0 buckler
rNeg    . . .      Spirit   .   b - +0 scale mail
rPois   .          Reflect  .   (helmet unavailable)
rElec   .          Harm     .   (no cloak)
rCorr   .          Rampage  .   (no gloves)
Will    .....                   (no boots)
Stlth   ..........              (no amulet)
HPRegen 0.14/turn               i - +4 ring of evasion
MPRegen 0.09/turn               (no ring)

@: mighty, lit by a corona, glowing
A: permanent stasis, dig shafts and tunnels, antennae 3, four strong arms
a: Dig, Shaft Self


You were on level 4 of the Dungeon.
You visited 1 branch of the dungeon, and saw 4 of its levels.

You collected 73 gold pieces.

Inventory:

Hand Weapons
 a - a +0 war axe (weapon)
Armour
 b - a +0 scale mail (worn)
 c - a +0 buckler (worn)
Jewellery
 i - a +4 ring of evasion (left hand)
Scrolls
 f - 3 scrolls of magic mapping
 g - a scroll of torment
 h - a scroll of identify
 k - 2 scrolls of fear
 l - a scroll of noise
 n - a scroll of enchant armour {unknown}
Potions
 e - 3 potions of heal wounds {unknown}
 j - a potion of attraction {unknown}
 m - a potion of mutation {unknown}


   Skills:
 + Level 3.8 Fighting
 + Level 3.4 Axes
 + Level 4.2 Armour
 + Level 0.6 Dodging
 - Level 4.0 Shields


You had 4 spell levels left.
You didn't know any spells.
Your spell library was empty.

Dungeon Overview and Level Annotations

Branches:
Dungeon (4/15)
 Temple: D:4-7

Altars:
Trog

Shops:
D:2 :   D:3 *

Annotations:
D:4 Dowan, Duvessa


Innate Abilities, Weirdness & Mutations

You cannot be hasted, slowed, berserked, paralysed or teleported.
You can dig through walls and to a lower floor.
You have a pair of large antennae on your head. (SInv)
Your four strong arms can wield two-handed weapons with a shield.


Message History

You barely miss Duvessa. You barely miss Dowan.
Dowan hits you but does no damage. Duvessa hits you with a +0 short sword.
Dowan hits you but does no damage. Duvessa hits you with a +0 short sword.
Your scale mail prevents you from hitting Duvessa.
You completely miss Dowan. Dowan misses you. You block Duvessa's attack.
Dowan barely misses you. Duvessa closely misses you.
You hit Duvessa.
Duvessa is lightly wounded.
You slash Dowan! Dowan hits you with a +0 dagger. Duvessa closely misses you.
Dowan points at you and mumbles some strange words.
The puff of flame hits you. You block Duvessa's attack.
You slash Duvessa!
Duvessa is moderately wounded.
You barely miss Dowan. Dowan barely misses you. Duvessa closely misses you.
Dowan barely misses you. Duvessa hits you but does no damage.
You slash Duvessa!
Duvessa is heavily wounded.
You miss Dowan. Dowan misses you. You block Duvessa's attack.
Dowan casts a spell.
Dowan blinks!
Duvessa hits you with a +0 short sword.
* * * LOW HITPOINT WARNING * * *
You hit Duvessa but do no damage.
Duvessa is heavily wounded.
Duvessa barely misses you. Dowan hits you with a +0 dagger.
* * * LOW HITPOINT WARNING * * *
Duvessa hits you with a +0 short sword.
* * * LOW HITPOINT WARNING * * *
You barely miss Duvessa.
Duvessa is heavily wounded.
You closely miss Dowan. Dowan gestures at you while chanting.
The puff of frost misses you. Duvessa barely misses you.
Dowan barely misses you. Duvessa closely misses you.
Unknown command.
You closely miss Duvessa.
Duvessa is heavily wounded.
You barely miss Dowan.
Dowan points at you and mumbles some strange words.
You are outlined in light.
Duvessa hits you with a +0 short sword!
You die...

#. . #### #.#
#...###.!# #
###........# .
#.......#.#.##. ##
#.......e.##.. ..
#.....e@# #.# #.
###....#####.# #.
#.......>...##########.
#.######.......##......
# #.......##.#....
#.......##.#.##.
#..........#.##.
#.......####.^..
#.......# #.###


You could see Duvessa (fast) and Dowan (fast).

Vanquished Creatures
  Jessica (D:2)
  Terence (D:2)
  3 adders
  A worm (D:2)
  A dart slug (D:3)
  2 ball pythons
  7 bats
  2 endoplasms
  A giant cockroach (D:2)
  2 goblins
  2 hobgoblins (D:2)
  2 jackals (D:2)
  3 quokkas
  3 frilled lizards
  3 kobolds
  4 rats
38 creatures vanquished.

Notes
Turn   | Place    | Note
-------+----------+-------------------------------------------
     0 | D:1      | ytrimaz the Formicid Fighter began the quest for the Orb.
     0 | D:1      | Reached XP level 1. HP: 18/18 MP: 1/1
   157 | D:1      | Found a faded altar of an unknown god.
   313 | D:1      | Reached XP level 2. HP: 24/24 MP: 2/2
   832 | D:2      | Found Plog's Book Shop.
   847 | D:2      | Reached XP level 3. HP: 26/29 MP: 3/3
  1019 | D:2      | Noticed Terence
  1042 | D:2      | Killed Terence
  1043 | D:2      | Reached XP level 4. HP: 11/37 MP: 4/4
  1655 | D:2      | Noticed Jessica
  1666 | D:2      | Killed Jessica
  1935 | D:3      | Reached XP level 5. HP: 42/42 MP: 5/5
  2107 | D:3      | Found a bloodstained altar of Trog.
  2276 | D:3      | Found Ruasos's Assorted Antiques.
  2741 | D:4      | Noticed Dowan
  2741 | D:4      | Noticed Duvessa
  2753 | D:4      | Slain by Duvessa

Illustrated notes

Levels and vault maps discovered:
D:1:      eino_arrival_cavern_b, layout_basic, shapermc_ecumenical_altar_pompeii
D:2:      layout_basic, serial_shops, nicolae_diamond_shop,
          kennysheep_generic_room_11, uniq_jessica, uniq_terence
D:3:      layout_basic, mainiacjoe_overflow_concentric_impassable, serial_shops,
          nicolae_shop_overgrown_old_shop
D:4:      layout_loops_cross, pdpol_temple_overflow_zin_treasury_gozag_greed,
          grunt_temple_overflow_open, minmay_a_box_with_orc_wizards_in_it,
          uniq_duvessa

Skill      XL: |  1  2  3  4 |
---------------+-------------+-----
Shields        | 4 |  4.0
Axes           | 3 |  3.4
Armour         | 4 |  4.2
Fighting       | |  3.8
Dodging        | |  0.6

Action                   |  1- 3 |  4- 6 || total
-------------------------+-------+-------++-------
Melee: War axe           |    73 |    66 ||   139
  Use: Scroll            |     1 |     5 ||     6
       Potion            |       |     1 ||     1
Armor: Scale mail        |    35 |    25 ||    60
Dodge: Dodged            |    52 |    63 ||   115
Block: Buckler           |    16 |    14 ||    30

Table legend: (Time is in decaauts)
 A = Elapsed time spent in this place.
 B = Non-inter-level travel time spent in this place.
 C = Inter-level travel time spent in this place.
 D = Time resting spent in this place.
 E = Time spent auto-exploring this place.
 F = Levels seen in this place.
 G = Mean time per level.
                   A        B        C        D        E       F      G
               +--------+--------+--------+--------+--------+-----+--------+
         Total |   2807 |   2734 |     73 |    208 |   2095 |   4 |  701.8 |
       Dungeon |   2807 |   2734 |     73 |    208 |   2095 |   4 |  701.8 |
               +--------+--------+--------+--------+--------+-----+--------+

Top non-repeatable levels by time:
     D:2: 1148 daAuts
     D:3: 808 daAuts
     D:1: 801 daAuts
     D:4: 48 daAuts
